 Dungeon Crawl Stone Soup version 0.18-a0-1562-gac8da35 (webtiles) character file.

225 angel3174 the Covert (level 5, -3/39 HPs)
             Began as a Vampire Assassin on Mar 13, 2016.
             Killed from afar by an orc wizard (5 damage)
             ... with a magic dart
             ... on level 3 of the Dungeon.
             The game lasted 00:24:04 (3409 turns).

angel3174 the Covert (Vampire Assassin)             Turns: 3409, Time: 00:24:04

Health: -3/39      AC: 12    Str: 10    XL:     5   Next: 68%
Magic:  0/5        EV: 10    Int: 14    God:
Gold:   97         SH:  3    Dex: 16    Spells: 0 memorised, 4 levels left

rFire  . . .     SeeInvis +     a - +2 dagger
rCold  + . .     Gourm    .     q - +3 ring mail {rC+}
rNeg   + . .     Faith    .     p - +0 buckler
rPois  .         Spirit   +     n - +2 helmet
rElec  .         Dismiss  .     d - +0 cloak
rCorr  .         Reflect  .     (no gloves)
SustAt .         Harm     .     (no boots)
MR     .....                    r - amulet of guardian spirit
Stlth  +++++.....               (no ring)
                                k - ring of stealth

@: not resistant to hostile enchantments, quite stealthy
A: fangs 3, see invisible, unbreathing
a: Bat Form


You were on level 3 of the Dungeon.
You were not thirsty.

You visited 1 branch of the dungeon, and saw 3 of its levels.

You collected 97 gold pieces.

Inventory:

Hand Weapons
 a - a +2 dagger (weapon)
 b - a +0 blowgun
Missiles
 e - 8 poisoned needles (quivered)
 f - 2 curare-tipped needles
Armour
 c - a +0 robe
 d - a +0 cloak (worn)
 n - a +2 helmet (worn)
 p - a +0 buckler (worn)
 q - a +3 ring mail of cold resistance (worn)
Jewellery
 k - a ring of stealth (left hand)
 r - an amulet of guardian spirit (around neck)
Scrolls
 o - a scroll of amnesia {unknown}
 s - a scroll of enchant weapon {unknown}
 t - a scroll of remove curse
Potions
 g - 5 potions of blood
 h - a potion of heal wounds {unknown}
 i - a potion of ambrosia {unknown}
 j - 2 potions of curing {unknown}
 l - a potion of flight {unknown}
 m - 2 potions of lignification {unknown}


   Skills:
 + Level 2.6 Fighting
 + Level 2.8 Short Blades
 + Level 2.0 Throwing
 + Level 1.4 Armour
 + Level 2.2 Dodging
 + Level 8.2 Stealth


You had 4 spell levels left.
You didn't know any spells.

Dungeon Overview and Level Annotations

Branches:
Dungeon (3/15)

Altars:
Cheibriados
Elyvilon
Okawaru
Pakellas
Sif Muna
Zin


Innate Abilities, Weirdness & Mutations

You have razor-sharp teeth.
You have supernaturally acute eyesight.
You can survive without breathing.


Message History

The orc wizard is severely wounded.
The orc priest calls down the wrath of Beogh upon you.
Beogh smites you!
* * * LOW HITPOINT WARNING * * *
The orc wizard hits you but does no damage.
You hit the orc wizard.
The orc wizard is almost dead.
The orc priest mumbles some strange prayers to Beogh against you.
Beogh smites you!
* * * LOW HITPOINT WARNING * * *
The orc wizard hits you but does no damage.
You barely miss the orc wizard.
The orc wizard is almost dead.
The orc wizard gestures wildly while chanting.
The orc wizard seems to speed up.
You closely miss the orc wizard.
The orc wizard is almost dead.
The orc wizard points at you and mumbles some strange words.
The magic dart hits you!
You die...

#>######### #.# ## #.#
#. #.########.
#.##.......
#.##.#####. #.##.# #.
############.##.#####.
#.ooo@................
#.#############.######
#.# # #.# # #.# ## #..
#. ### #. #. ##


You could see an orc priest, an orc wizard and an orc.

Vanquished Creatures
  Terence (D:2)
  Robin (D:2)
  10 adders
  An ooze (D:1)
  4 worms
  3 dart slugs
  2 giant geckos (D:3)
  7 orcs (D:3)
  7 bats
  2 giant cockroaches
  8 goblins
  10 hobgoblins
  2 jackals (D:3)
  7 kobolds
  3 giant newts (D:2)
  7 rats
75 creatures vanquished.

Notes
Turn   | Place    | Note
--------------------------------------------------------------
     0 | D:1      | angel3174 the Vampire Assassin began the quest for the Orb.
     0 | D:1      | Reached XP level 1. HP: 16/16 MP: 1/1
   356 | D:1      | Reached skill level 6 in Stealth
   375 | D:1      | Reached XP level 2. HP: 22/22 MP: 2/2
  1170 | D:2      | Reached XP level 3. HP: 23/27 MP: 3/3
  1252 | D:2      | Found an iron altar of Okawaru.
  1254 | D:2      | Found a white marble altar of Elyvilon.
  1254 | D:2      | Found a glowing silver altar of Zin.
  1358 | D:2      | Noticed Terence
  1364 | D:2      | Reached skill level 7 in Stealth
  1383 | D:2      | Killed Terence
  1383 | D:2      | Reached XP level 4. HP: 12/34 MP: 4/4
  1744 | D:2      | Found a deep blue altar of Sif Muna.
  2057 | D:2      | Found an oddly glowing altar of Pakellas.
  2320 | D:2      | Reached skill level 1 in Armour
  2344 | D:2      | Noticed Robin
  2405 | D:2      | Killed Robin
  2416 | D:2      | Reached XP level 5. HP: 32/39 MP: 5/5
  2792 | D:3      | Reached skill level 8 in Stealth
  3097 | D:3      | Found a snail-covered altar of Cheibriados.
  3407 | D:3      | HP: 1/39 [orc priest/divine providence (10)]
  3409 | D:3      | Killed from afar by an orc wizard

Vault maps used:
D:1:      lightli_molten_gateway
D:2:      lemuel_blue_sif_altar, grunt_temple_overflow_open, kennysheep_nub,
          grunt_pakellas_mercury, uniq_terence, uniq_robin
D:3:      overflow_temple_1_default, lemuel_coloured_pillars_altar,
          kennysheep_generic_room_10

Skill      XL: |  1  2  3  4  5 |
---------------+----------------+-----
Stealth        | 6 7 8 |  8.2
Fighting       | 2 |  2.6
Dodging        | 2 |  2.2
Armour         | 1 |  1.4
Throwing       | 2 |  2.0
Short Blades   | |  2.8

Action                   |  1- 3 |  4- 6 || total
-------------------------+-------+-------++-------
Melee: Dagger            |    88 |   195 ||   283
 Fire: Blowgun           |       |     7 ||     7
  Use: Scroll            |     1 |     4 ||     5
 Stab: Sleeping          |     9 |    11 ||    20
       Distracted        |       |     1 ||     1
  Eat: Corpse            |     4 |     6 ||    10
